 Dungeon Crawl Stone Soup version 0.25-a0-2-g6559c6c67a (webtiles) character file.

Game seed: 13860022519652787671, levelgen mode: deterministic

23 Froggeryz the Cudgeler (level 3, -2/23 HPs)
             Began as a Kobold Chaos Knight on Oct 14, 2019.
             Was a Plaything of Xom.
             Slain by a goblin
             ... wielding a +0 flail
              (5 damage)
             ... on level 2 of the Dungeon.
             The game lasted 00:01:26 (1083 turns).

Froggeryz the Cudgeler (Kobold Chaos Knight)        Turns: 1083, Time: 00:01:27

Health: -2/23      AC:  5    Str:  9    XL:     3   Next: 10%
Magic:  3/3        EV: 14    Int: 13    God:    Xom [......]
Gold:   73         SH:  0    Dex: 15    Spells: 2/2 levels left

rFire    . . .     SeeInvis +   a - +0 mace (chaos)
rCold    . . .     Gourm    .   (shield restricted)
rNeg     . . .     Faith    .   b - +2 leather armour
rPois    .         Spirit   .   (no helmet)
rElec    .         Reflect  .   (no cloak)
rCorr    .         Harm     .   (no gloves)
MR       .....                  (no boots)
Stlth    +.........             (no amulet)
HPRegen  0.07/turn              l - ring of see invisible
MPRegen  0.08/turn              (no ring)

@: no status effects
A: small, carnivore
a: Renounce Religion


You were on level 2 of the Dungeon.
You worshipped Xom.
You were a very special plaything of Xom.
You were not hungry.

You visited 1 branch of the dungeon, and saw 2 of its levels.

You collected 73 gold pieces.

Inventory:

Hand Weapons
 a - a +0 mace of chaos (weapon)
 j - a +0 whip
Armour
 b - a +2 leather armour (worn)
Jewellery
 l - a ring of see invisible (left hand)
Scrolls
 f - a scroll of magic mapping {unknown}
 g - a scroll of immolation {unknown}
 h - a scroll of identify {unknown}
 i - a scroll of fog {unknown}
 k - a scroll of enchant weapon {unknown}
Potions
 e - a potion of cancellation {unknown}
 m - a potion of haste {unknown}
Comestibles
 c - 4 rations


   Skills:
 - Level 3.2 Fighting
 * Level 3.7 Maces & Flails
 - Level 0.7 Armour
 - Level 2.4 Dodging


You had 2 spell levels left.
You didn't know any spells.
Your spell library contained the following spells:

 Spells                   Type           Power        Failure   Level  Hunger
 Animate Skeleton         Necr           N/A          38%         1    ##.....
 Apportation              Tloc           #.....       38%         1    ##.....
 Confusing Touch          Hex            #.....       38%         1    ##.....
 Summon Small Mammal      Summ           #...         38%         1    ##.....


Dungeon Overview and Level Annotations

Branches:
Dungeon (2/15)

Altars:


Innate Abilities, Weirdness & Mutations

You are small and have problems with some larger weapons.
You are carnivorous and can eat meat at any time.


Message History

The adder is moderately wounded.
The adder bites you.
* * * LOW HITPOINT WARNING * * *
You are lethally poisoned!
The adder poisons you! The adder barely misses you. The goblin misses you.
It was a potion of curing.
You feel better.
Xom thinks this is hilarious!
The adder bites you. The goblin barely misses you.
You barely miss the adder.
The adder is moderately wounded.
The adder closely misses you. x2; The goblin hits you with a +0 flail.
You completely miss the adder.
The adder is moderately wounded.
The adder barely misses you. The goblin barely misses you.
You barely miss the adder.
The adder is moderately wounded.
The adder barely misses you. The adder bites you.
* * * LOW HITPOINT WARNING * * *
The goblin hits you with a +0 flail.
You die...

#.............#
#.............#
#.............#
######.....<.......#
#..(.......)........
#..................#
#........>..†.......
#..(................
#..@..............##
#(Sg....#...........
#.......#####.######
#.......# #..
#.......# ##.
#........# .
#........#
#........#


You could see an adder and a goblin.

Vanquished Creatures
  2 dart slugs (D:1)
  A giant cockroach (D:1)
  3 goblins (D:1)
  2 hobgoblins (D:1)
  2 bats
  A frilled lizard (D:1)
  5 kobolds
  2 rats (D:1)
18 creatures vanquished.

Notes
Turn   | Place    | Note
-------+----------+-------------------------------------------
     0 | D:1      | Froggeryz the Kobold Chaos Knight began the quest for the
                  | Orb.
     0 | D:1      | Reached XP level 1. HP: 14/14 MP: 1/1
    28 | D:1      | XOM: divination: detect creatures
   152 | D:1      | XOM: silly message
   247 | D:1      | Reached XP level 2. HP: 19/19 MP: 2/2
   275 | D:1      | XOM: harmless Tloc miscast
   360 | D:1      | XOM: harmless Hex miscast
   518 | D:1      | XOM: 3-stop teleportation journey
  1034 | D:2      | Reached XP level 3. HP: 23/23 MP: 3/3
  1083 | D:2      | Slain by a goblin

Levels and vault maps discovered:
D:1:      lightli_arrival_statue_moat, layout_basic, minmay_misc_feat_pillars,
          chequers_garden
D:2:      wad_river_or_something, layout_basic, first_ration,
          minmay_split_cup_small, uniq_natasha

Skill      XL: |  1 |
---------------+----+-----
Maces & Flails | 3 |  3.7
Fighting       | |  3.2
Armour         | |  0.7
Dodging        | |  2.4

Action                   || total
-------------------------++-------
Melee: Mace              ||    61
  Use: Potion            ||     1
 Stab: Petrifying        ||     1
  Eat: Chunk             ||     4
Armor: Leather armour    ||    14
Dodge: Dodged            ||    79

Table legend:
 A = Non-vault XP
 B = Vault XP
 C = Vault XP percentage of total XP
 D = Non-vault monster count
 E = Vault monster count
 F = Vault count percentage of total count
                 A         B        C        D         E       F
            +---------+---------+-------+---------+---------+-------
      Total |      33 |       0 |   0.0 |      18 |       0 |   0.0
            +---------+---------+-------+---------+---------+-------
        D:1 |      28 |       0 |   0.0 |      15 |       0 |   0.0
        D:2 |       5 |       0 |   0.0 |       3 |       0 |   0.0
            +---------+---------+-------+---------+---------+-------
